 Dungeon Crawl Stone Soup version 0.19-a0-599-g723c685 (webtiles) character file.

5601 Gorice the Destroyer (level 10, 0/56 HPs)
             Began as a Tengu Venom Mage on June 11, 2016.
             Was an Elder of Hepliaklqana.
             Slain by a gargoyle
             ... wielding a +0 flail
              (12 damage)
             ... on level 10 of the Dungeon.
             The game lasted 01:22:39 (12002 turns).

Gorice the Destroyer (Tengu Venom Mage)            Turns: 12002, Time: 01:22:41

Health: 0/56       AC:  3    Str:  8    XL:     10   Next: 73%
Magic:  26/30      EV: 18    Int: 18    God:    Hepliaklqana [****..]
Gold:   304        SH:  0    Dex: 16    Spells: 6 memorised, 8 levels left

rFire  . . .     SeeInvis .     a - +3 dagger (elec)
rCold  . . .     Gourm    .     j - +1 robe
rNeg   . . .     Faith    .     (no shield)
rPois  .         Spirit   .     (helmet restricted)
rElec  .         Dismiss  .     (no cloak)
rCorr  .         Reflect  .     (no gloves)
SustAt .         Harm     .     (boots unavailable)
MR     .....                    (no amulet)
Stlth  ++........               Y - ring of magical power
                                h - +4 ring of evasion

@: drained, not resistant to hostile enchantments, unstealthy
A: beak, talons 3, able to fly 1
a: Fly, Recall Ancestor, Ancestor Identity, Transference, Idealise, Renounce
Religion


You were on level 10 of the Dungeon.
You worshipped Hepliaklqana.
Hepliaklqana was greatly pleased with you.
You were not hungry.

You visited 3 branches of the dungeon, and saw 12 of its levels.

You collected 558 gold pieces.
You spent 254 gold pieces at shops.

Inventory:

Hand Weapons
 a - a +3 dagger of electrocution (weapon)
   (You found it on level 1 of the Dungeon)
Missiles
 t - 14 tomahawks (quivered)
 x - 2 javelins
Armour
 j - a +1 robe (worn)
Magical Staves
 W - an uncursed staff of wizardry
Jewellery
 h - a +4 ring of evasion (left hand)
 i - an uncursed ring of stealth
 C - an uncursed ring of protection from fire
 H - an uncursed ring of fire
 Y - a ring of magical power (right hand)
Wands
 m - a wand of paralysis (14/24)
 y - a wand of confusion (19/48)
 D - a wand of slowing (23/48)
Scrolls
 e - a scroll of fear {!r}
 p - 5 scrolls of teleportation {!r}
 B - 3 scrolls of fog
 F - 4 scrolls of remove curse
Potions
 g - a potion of berserk rage
 l - 3 potions of curing
 q - a potion of ambrosia
 r - 5 potions of lignification {!q}
 s - 3 potions of heal wounds {!q}
 u - 2 potions of agility {!q}
 A - 3 potions of brilliance {!q}
 O - 2 potions of haste {!q}
 Q - a potion of degeneration {unknown}
 T - a potion of might {!q}
 U - a potion of invisibility {unknown}
 V - a potion of cancellation {unknown}
Books
 b - a Grand Grimoire
 d - a Necronomicon
Comestibles
 c - 10 bread rations {!e}
 f - 2 chunks of flesh
 P - 2 fruits


   Skills:
 + Level 3.2(3.1) Fighting
 - Level 6.1(6.0) Short Blades
 + Level 4.0(3.8) Dodging
 - Level 2.0(1.8) Stealth
 + Level 7.1(6.9) Spellcasting
 - Level 11.0(10.9) Conjurations
 + Level 2.3(2.1) Charms
 - Level 9.2(9.0) Air Magic
 - Level 4.0(3.8) Poison Magic


You had 8 spell levels left.
You knew the following spells:

 Your Spells              Type           Power        Failure   Level  Hunger
a - Sting                 Conj/Pois      ####         1%          1    None
b - Cure Poison           Pois           ###.......   3%          2    None
c - Mephitic Cloud        Conj/Pois/Air  ####....     1%          3    ##.....
d - Searing Ray           Conj           #####.       1%          2    None
e - Iskenderun's Mystic   Conj           #####...     1%          4    ####...
R - Regeneration          Chrm/Necr      ##........   24%         3    ##.....


Dungeon Overview and Level Annotations

Branches:
Dungeon (10/15)            Temple (1/1) D:5            Lair (1/6) D:9
    Orc: D:9-12

Altars:
Ashenzari
Cheibriados
Dithmenos
Elyvilon
Fedhas
Gozag
Hepliaklqana
Kikubaaqudgha
Makhleb
Nemelex Xobeh
Okawaru
Pakellas
Qazlal
Ru
Sif Muna
Trog
Uskayaw
Vehumet
Xom
Yredelemnul
Zin
The Shining One
Lugonu

Shops:
D:4 ?   D:7 *   D:8 =   D:9 =

Annotations:
D:8 pUX: cent warr, pot hw in foul pest
Lair:1 pUX: Gastro!, Gastronok


Innate Abilities, Weirdness & Mutations

You have a beak for a mouth.
You have claws for feet.
You can fly.


Message History

You swap places.
You open the door.
You can now heal and protect your ancestor.
There is an open door here.
You swap places.
There is an open door here.
You open the door.
You swap places.
You open the door.
Found 18 stones.
Okay, then.
There is an open door here.
You see here 18 stones.
You open the door.
There is an open door here.
You open the door.
A gargoyle comes into view. It is wielding a flail.
Found a stone staircase leading down.
There is an open door here.
The gargoyle hits you with a flail.
Damage: 3 (max 3)
You barely miss the gargoyle.
You claw the gargoyle, but do no damage.
Casting: Sting
Confirm with . or Enter, or press ? or * to list all spells.
Aiming: Searing Ray
Press: ? - help, Shift-Dir - straight line, f - gargoyle
Aim: a gargoyle, wielding a flail The searing ray hits the gargoyle.
The gargoyle hurls a stone arrow at you.
The stone arrow hits you!
Ealdgyð points at the gargoyle and mumbles some strange words.
The gargoyle easily resists.
Damage: 21 (max 21)
The searing ray hits the gargoyle.
The gargoyle misses you.
Ealdgyð hits the gargoyle but does no damage.
The searing ray hits the gargoyle.
The gargoyle is lightly damaged.
Ealdgyð hits the gargoyle with a dagger of draining.
The gargoyle hurls a stone arrow at you.
The stone arrow hits you!
* * * LOW HITPOINT WARNING * * *
Damage: 21 (max 21)
You closely miss the gargoyle.
You claw the gargoyle, but do no damage.
You peck the gargoyle, but do no damage.
The gargoyle is moderately damaged.
Ealdgyð hits the gargoyle but does no damage.
The gargoyle hits you with a flail!
You die...

+..#..# #..#..####
#........# #........#
##########..#######
...................
...................
############'###R#######
.........#..(.#.@9>.....
.........#....#.........
###'####.###'##########+
.#..#..#........#
.#..#..#........#
R#..##R#.########
.....#...# .....#...#
######...#####


You could see a gargoyle and the friendly Ealdgyð the hexer.

Vanquished Creatures
  A mana viper (shapeshifter) (D:8)
  A hornet (D:8)
  A troll (D:9)
  A spriggan (D:7)
  2 hippogriffs
  2 hell hounds (D:9)
  4 ice beasts
  4 orc warriors
  A phantom (D:3)
  A wasp (D:9)
  4 ogres
  2 centaurs
  A crocodile (D:9)
  5 giant frogs
  A water moccasin skeleton (D:4)
  3 wights (D:10)
  2 lava snakes (D:7)
  3 crimson imps
  5 hounds
  2 orc priests
  12 orc wizards
  A centaur skeleton (D:9)
  6 worker ants
  3 iguanas
  A hound skeleton (D:6)
  A worker ant zombie (D:6)
  7 gnolls
  13 adders
  2 shadow imps
  An ooze (D:2)
  An adder zombie (D:7)
  An adder skeleton (D:5)
  A worm (D:2)
  2 dart slugs
  6 giant geckos
  30 orcs
  3 giant cockroaches
  11 goblins
  10 hobgoblins
  7 jackals
  4 quokkas
  A ball python skeleton (D:4)
  5 bats
  A giant gecko skeleton (D:4)
  A giant gecko zombie (D:5)
  9 giant newts
  13 kobolds
  8 rats
207 creatures vanquished.

Vanquished Creatures (collateral kills)
  A sky beast (D:7)
  An ice beast (D:8)
  2 ogres
  A centaur (D:8)
  2 wights
  A crimson imp (D:6)
  A hound (D:10)
  An orc priest (D:8)
  An iguana (D:9)
  A worker ant (D:9)
  An orc wizard (D:8)
  2 adders
  4 orcs
  A giant cockroach (D:8)
  4 jackals
  A quokka (D:6)
25 creatures vanquished.

Vanquished Creatures (others)
  2 hexers (D:8)
  An ancestor (D:6)
3 creatures vanquished.

Grand Total: 235 creatures vanquished

Notes
Turn   | Place    | Note
--------------------------------------------------------------
     0 | D:1      | Gorice the Tengu Venom Mage began the quest for the Orb.
     0 | D:1      | Reached XP level 1. HP: 10/10 MP: 4/4
   128 | D:1      | Reached skill level 1 in Conjurations
   377 | D:1      | Reached XP level 2. HP: 15/15 MP: 4/6
   541 | D:1      | Reached skill level 2 in Conjurations
   741 | D:1      | Reached XP level 3. HP: 19/19 MP: 4/7
   803 | D:1      | Reached skill level 3 in Conjurations
  1519 | D:1      | Learned a level 2 spell: Cure Poison
  1762 | D:2      | Reached XP level 4. HP: 24/24 MP: 5/8
  1902 | D:2      | Reached skill level 1 in Short Blades
  2090 | D:2      | Reached skill level 4 in Conjurations
  2515 | D:2      | Learned a level 3 spell: Mephitic Cloud
  2658 | D:3      | Gained mutation: You can fly. [Tengu growth]
  2658 | D:3      | Reached XP level 5. HP: 28/28 MP: 5/10
  2688 | D:3      | Reached skill level 3 in Spellcasting
  3047 | D:3      | Reached skill level 5 in Conjurations
  3207 | D:3      | HP: 3/28 [something (6)]
  3214 | D:3      | Reached skill level 2 in Short Blades
  3347 | D:3      | Found a shimmering altar of Xom.
  3406 | D:3      | Reached XP level 6. HP: 32/32 MP: 8/11
  3558 | D:3      | Found an oddly glowing altar of Pakellas.
  3558 | D:3      | Noticed a rakshasa
  3743 | D:4      | HP: 1/32 [iguana (12)]
  4036 | D:4      | Found a bloodstained altar of Trog.
  4036 | D:4      | Found a sparkling altar of Nemelex Xobeh.
  4036 | D:4      | Found a snail-covered altar of Cheibriados.
  4038 | D:4      | Found a stormy altar of Qazlal.
  4038 | D:4      | Noticed a phantom
  4053 | D:4      | Found a radiant altar of Vehumet.
  4165 | D:3      | Killed a phantom
  4165 | D:3      | Reached skill level 3 in Short Blades
  4165 | D:3      | Reached skill level 6 in Conjurations
  4226 | D:4      | Reached XP level 7. HP: 34/36 MP: 9/13
  4320 | D:4      | Reached skill level 7 in Conjurations
  4415 | D:4      | Found Duetoej's Magic Scroll Shoppe.
  4421 | D:4      | Bought a scroll of blinking for 97 gold pieces
  4421 | D:4      | Bought a scroll of identify for 26 gold pieces
  4525 | D:4      | Learned a level 2 spell: Throw Frost
  4546 | D:4      | Found a burning altar of Makhleb.
  4548 | D:4      | Found a glowing silver altar of Zin.
  4548 | D:4      | Noticed an angel
  4549 | D:4      | Noticed a cacodemon
  4851 | D:4      | Reached skill level 4 in Spellcasting
  4917 | D:5      | Entered Level 5 of the Dungeon
  5019 | D:5      | Reached skill level 4 in Short Blades
  5158 | D:5      | Reached skill level 8 in Conjurations
  5158 | D:5      | Reached XP level 8. HP: 19/41 MP: 13/15
  5662 | D:5      | Found a staircase to the Ecumenical Temple.
  5667 | Temple   | Entered the Ecumenical Temple
  5709 | Temple   | Became a worshipper of Hepliaklqana
  5837 | D:5      | Reached skill level 1 in Air Magic
  6014 | D:6      | Reached skill level 2 in Air Magic
  6216 | D:5      | Reached skill level 3 in Air Magic
  6392 | D:6      | Found a blossoming altar of Fedhas.
  6410 | D:6      | Reached * piety under Hepliaklqana
  6489 | D:6      | Reached skill level 5 in Short Blades
  6489 | D:6      | Reached skill level 4 in Air Magic
  6497 | D:6      | Reached skill level 9 in Conjurations
  6948 | D:6      | Learned a level 4 spell: Iskenderun's Mystic Blast
  6967 | D:6      | Reached ** piety under Hepliaklqana
  6968 | D:6      | Remembered your ancestor Ealdgyð as a hexer
  6983 | D:6      | Found a shattered altar of Ashenzari.
  7044 | D:6      | Reached skill level 5 in Air Magic
  7243 | D:7      | Found Hosimodgh's Assorted Antiques.
  7251 | D:7      | Bought a scroll labeled TAUSEBRURAD for 30 gold pieces
  7251 | D:7      | Bought a scroll labeled ATETAT WOGU for 30 gold pieces
  7283 | D:7      | Reached skill level 5 in Spellcasting
  7283 | D:7      | Reached XP level 9. HP: 39/45 MP: 17/17
  7550 | D:7      | Found a shimmering altar of Xom.
  7550 | D:7      | Found a shimmering altar of Xom.
  7553 | D:7      | Found a shimmering altar of Xom.
  7554 | D:7      | Found a shimmering altar of Xom.
  7815 | D:7      | Reached skill level 6 in Air Magic
  8409 | D:7      | Reached skill level 7 in Air Magic
  8809 | D:8      | Reached skill level 6 in Short Blades
  8811 | D:8      | Found a basalt altar of Yredelemnul.
  8816 | D:8      | Reached skill level 10 in Conjurations
  8844 | D:8      | Found a glowing golden altar of the Shining One.
  8854 | D:8      | Noticed an angel
  8988 | D:8      | Reached skill level 8 in Air Magic
  9009 | D:8      | Found Fetemoraczo's Jewellery Emporium.
  9099 | D:8      | Reached skill level 6 in Spellcasting
  9270 | D:8      | Reached skill level 9 in Air Magic
  9270 | D:8      | Reached XP level 10. HP: 50/50 MP: 14/20
  9392 | D:8      | Noticed a centaur warrior
  9422 | D:8      | Reached *** piety under Hepliaklqana
  9818 | D:8      | HP: 5/50 [centaur warrior/arrow (18)]
  9828 | D:8      | Noticed a profane servitor
 10009 | D:9      | Found Ruclagg's Jewellery Shop.
 10099 | D:9      | Reached skill level 1 in Fighting
 10099 | D:9      | Reached skill level 11 in Conjurations
 10103 | D:9      | Learned a level 2 spell: Searing Ray
 10108 | D:9      | Found a staircase to the Lair.
 10412 | D:9      | Learned a level 3 spell: Regeneration
 10761 | D:9      | Reached skill level 2 in Fighting
 10767 | D:9      | Found a white marble altar of Elyvilon.
 10855 | D:9      | Reached skill level 1 in Charms
 10863 | Lair:1   | Entered Level 1 of the Lair of Beasts
 10921 | Lair:1   | Reached skill level 3 in Dodging
 10995 | Lair:1   | Noticed Gastronok
 11267 | D:4      | Bought a scroll of identify for 26 gold pieces
 11267 | D:4      | Bought a scroll of fear for 45 gold pieces
 11361 | D:8      | HP: 15/53 [centaur (4)]
 11521 | D:8      | Found a large runed door.
 11525 | D:8      | Found a large runed door.
 11585 | D:8      | Noticed a hornet
 11592 | D:8      | Noticed a mana viper
 11601 | D:8      | HP: 10/53 [mana viper (shapeshifter) (10)]
 11605 | D:8      | Killed a mana viper
 11611 | D:8      | Found a burning altar of Makhleb.
 11620 | D:8      | Killed a hornet
 11620 | D:8      | Reached skill level 3 in Fighting
 11620 | D:8      | Reached skill level 7 in Spellcasting
 11620 | D:8      | Reached skill level 2 in Charms
 11629 | D:8      | Found a stormy altar of Qazlal.
 11817 | D:10     | Entered Level 10 of the Dungeon
 11875 | D:10     | Reached skill level 4 in Dodging
 11942 | D:10     | Reached **** piety under Hepliaklqana
 11996 | D:10     | Noticed a gargoyle
 12001 | D:10     | HP: 12/56 [gargoyle/stone arrow (21)]
 12002 | D:10     | Slain by a gargoyle

Vault maps used:
D:1:      roderic_octagonal_star, serial_bayou, serial_bayou_pond_b,
          serial_bayou_shore_b, serial_bayou_pond_e, serial_bayou_ford_a,
          minivault_26
D:3:      gammafunk_pakellas_cloud_experiment, old_standard_altar, first_bread
D:4:      grunt_temple_overflow_order_and_chaos_2, grunt_temple_overflow_open,
          serial_shops, nicolae_shop_trees, minivault_11, minmay_distorted
D:5:      temple_statues
D:6:      nicolae_overflow_crystal_walls, ashenzari_altar_1
D:7:      serial_shops, shop, the_bakery, kennysheep_path_1, xom_redecorated
D:8:      grunt_temple_overflow_holy_war, serial_shops, shop_statue,
          jmf_multi_god_temple2
D:9:      marbit_many_paths, minmay_lair_entry_lava, serial_shops,
          nicolae_shop_waterfront, serial_co_window_serial, co_window_corner_a,
          co_window_paths_b, co_window_paths_b, co_window_paths_a,
          co_window_of_opportunity_a, co_window_corner_b, co_window_corner_b,
          co_window_paths_c, co_window_paths_c, co_window_sun,
          co_window_4corner_b, statue_in_the_mist_lemuel
Temple:   corrupted_temple
Lair:1:   beast_lair_carwin_large_2, special_room, st_stairs_6, uniq_gastronok

Skill      XL: |  1  2  3  4  5  6  7  8  9 10 |
---------------+-------------------------------+-----
Conjurations   | 1 2 3 4 5 6 8 9 10 11 | 11.0
Short Blades   | 1 2 3 4 5 6 |  6.1
Spellcasting   | 3 4 5 6 7 |  7.1
Air Magic      | 5 9 |  9.2
Fighting       | 3 |  3.2
Charms         | 2 |  2.3
Dodging        | 4 |  4.0
Stealth        | |  2.0
Poison Magic   | |  4.0

Action                   |  1- 3 |  4- 6 |  7- 9 | 10-12 || total
-------------------------+-------+-------+-------+-------++-------
Melee: Dagger            |     5 |    70 |   179 |    94 ||   348
       Kick              |       |    12 |    40 |    18 ||    70
       Peck              |       |     8 |    27 |    20 ||    55
 Cast: Sting             |    79 |   102 |   158 |    35 ||   374
       Throw Frost       |       |       |     7 |       ||     7
       Mephitic Cloud    |       |       |    10 |     6 ||    16
       Iskenderun's Myst |       |       |     5 |     7 ||    12
       Searing Ray       |       |       |       |     5 ||     5
       Cure Poison       |       |       |       |     1 ||     1
Invok: Ancestor Life: He |       |       |     1 |       ||     1
       Recall Ancestor   |       |       |     1 |     1 ||     2
  Use: Scroll            |       |     7 |    12 |     7 ||    26
       Potion            |       |     1 |       |     2 ||     3
 Stab: Sleeping          |       |       |     8 |     5 ||    13
       Confused          |       |       |     6 |     5 ||    11
       Distracted        |       |       |     2 |     2 ||     4
  Eat: Chunk             |     4 |     6 |    16 |     4 ||    30
       Pizza             |       |       |     2 |       ||     2
       Bread ration      |       |       |       |     1 ||     1
       Beef jerky        |       |       |       |     1 ||     1
Armor: Robe              |     3 |    14 |    15 |     5 ||    37
Dodge: Dodged            |    11 |    40 |    89 |    40 ||   180

Table legend:
 A = Turns spent in this place as a percentage of turns spent in the entire game.
 B = Non-inter-level travel turns spent in this place as a percentage of non-inter-level travel turns spent in the entire game.
 C = Inter-level travel turns spent in this place as a percentage of turns spent in this place.
 D = Turns resting spent in this place as a percentage of non-inter-level travel turns spent in this place.
 E = Turns spent auto-exploring this place as a percentage of non-inter-level travel turns spent in this place.
 F = Non-inter-level travel turns spent in this place divided by the number of levels of this place that you've seen.
                   A       B       C       D       E      F
               +-------+-------+-------+-------+-------+----------------------
         Total | 100.0 | 100.0 |   0.5 |   4.1 |   5.9 | 319.9
       Dungeon |  95.7 |  95.7 |   0.5 |   4.3 |   6.0 | 367.5
        Temple |   1.7 |   1.7 |   0.0 |   0.0 |   0.0 |  67.0
          Lair |   2.5 |   2.5 |   0.0 |   0.0 |   5.2 |  97.0
               +-------+-------+-------+-------+-------+----------------------

Vault maps used:
D:1:      roderic_octagonal_star, serial_bayou, serial_bayou_pond_b,
          serial_bayou_shore_b, serial_bayou_pond_e, serial_bayou_ford_a,
          minivault_26
D:3:      gammafunk_pakellas_cloud_experiment, old_standard_altar, first_bread
D:4:      grunt_temple_overflow_order_and_chaos_2, grunt_temple_overflow_open,
          serial_shops, nicolae_shop_trees, minivault_11, minmay_distorted
D:5:      temple_statues
D:6:      nicolae_overflow_crystal_walls, ashenzari_altar_1
D:7:      serial_shops, shop, the_bakery, kennysheep_path_1, xom_redecorated
D:8:      grunt_temple_overflow_holy_war, serial_shops, shop_statue,
          jmf_multi_god_temple2
D:9:      marbit_many_paths, minmay_lair_entry_lava, serial_shops,
          nicolae_shop_waterfront, serial_co_window_serial, co_window_corner_a,
          co_window_paths_b, co_window_paths_b, co_window_paths_a,
          co_window_of_opportunity_a, co_window_corner_b, co_window_corner_b,
          co_window_paths_c, co_window_paths_c, co_window_sun,
          co_window_4corner_b, statue_in_the_mist_lemuel
Temple:   corrupted_temple
Lair:1:   beast_lair_carwin_large_2, special_room, st_stairs_6, uniq_gastronok
